 Dungeon Crawl Stone Soup version 0.17-a0-2108-g65e8068 (webtiles) character file.

29 Ishikawa the Magician (level 3, 0/27 HPs)
             Began as a Mummy Wizard on Oct 19, 2015.
             Slain by an adder (2 damage)
             ... on level 2 of the Dungeon.
             The game lasted 00:04:15 (966 turns).

Ishikawa the Magician (Mummy Wizard)                 Turns: 966, Time: 00:04:15

Health: 0/27       AC:  2    Str: 10    XL:     3   Next: 1%
Magic:  1/7        EV: 12    Int: 18    God:
Gold:   39         SH:  0    Dex: 10    Spells: 3 memorised, 2 levels left

rFire  x . .     SeeInvis .     a - +0 mace
rCold  + . .     Clarity  .     i - +0 robe
rNeg   + + +     SustAt   .     (no shield)
rPois  ∞         Gourm    .     b - +0 hat
rElec  .         Spirit   .     (no cloak)
rCorr  .         Warding  .     (no gloves)
rMut   .         Stasis   .     (no boots)
MR     .....                    (no amulet)
Stlth  ++........               (no ring)
                                h - ring of flight

@: very slightly contaminated, not resistant to hostile enchantments, unstealthy
A: no food or potions, fire vulnerability, cold resistance 1, negative energy
resistance 3, torment resistance, unbreathing
a: Evoke Flight


You were on level 2 of the Dungeon.
You were not hungry.

You visited 1 branch of the dungeon, and saw 2 of its levels.

You collected 39 gold pieces.

Inventory:

Hand Weapons
 a - a +0 mace (weapon)
Armour
 b - a +0 hat (worn)
 i - a +0 robe (worn)
Jewellery
 h - a ring of flight (left hand)
Scrolls
 e - 3 scrolls of blinking {unknown}
 f - a scroll of identify {unknown}
 g - a scroll of noise {unknown}
 j - a scroll of recharging {unknown}
Books
 c - a book of Minor Magic

   Spells                             Type                      Level
   a - Magic Dart                     Conjuration                  1
   b - Blink                          Translocation                2
   c - Call Imp                       Summoning                    2
   d - Repel Missiles                 Charms/Air                   2
   e - Slow                           Hexes                        2
   f - Conjure Flame                  Conjuration/Fire             3
   g - Mephitic Cloud                 Conjuration/Poison/Air       3


   Skills:
 + Level 1.9 Fighting
 - Level 1.5 Dodging
 - Level 1.5 Stealth
 + Level 3.2 Spellcasting
 + Level 1.2 Conjurations
 - Level 0.7 Summonings
   Level 0.7 Translocations


You had 2 spell levels left.
You knew the following spells:

 Your Spells              Type           Power        Failure   Level  Hunger
a - Magic Dart            Conj           #...         12%         1    N/A
b - Call Imp              Summ           #.......     17%         2    N/A
c - Mephitic Cloud        Conj/Pois/Air  #.......     43%         3    N/A

Dungeon Overview and Level Annotations

Branches:
Dungeon (2/15)

Altars:
Okawaru


Innate Abilities, Weirdness & Mutations

You do not eat or drink.
Your flesh is vulnerable to fire.
You are immune to poison.
Your flesh is cold resistant.
You are immune to negative energy.
You are immune to unholy pain and torment.
You can survive without breathing.


Message History

You closely miss the adder.
The adder is severely wounded.
The adder bites you. The adder barely misses you.
Your crimson imp closely misses the adder.
Your crimson imp misses the adder.
Your crimson imp blinks!
The adder closely misses you.
Your crimson imp closely misses the adder.
You hit the adder but do no damage.
The adder is severely wounded.
The adder bites you.
* * * LOW HITPOINT WARNING * * *
Your crimson imp blinks!
The adder closely misses you.
You miss the adder.
The adder is severely wounded.
The adder bites you.
* * * LOW HITPOINT WARNING * * *
The adder bites you.
You die...

......# ......#
####.## #.# ####.#
.....########
###.........########
###.####.........S.#
..<.# ##.#...♣..@#.#
##### #.....♣.♣....#
#######....♣.♣.♣...#
..........♣.♣.♣.♣..#
#######..♣.♣._.♣.♣.#
#...♣.♣.♣.♣..#
#....♣.♣.♣...#
##..†.♣.♣S....
#..#...♣...#..


You could see an adder.

Vanquished Creatures
  2 goblins
  5 hobgoblins
  2 jackals (D:1)
  2 bats (D:1)
  A giant newt (D:2)
  5 rats (D:1)
17 creatures vanquished.

Vanquished Creatures (collateral kills)
  An adder (D:2)
  A worm (D:2)
  A hobgoblin (D:1)
  A rat (D:2)
4 creatures vanquished.

Grand Total: 21 creatures vanquished

Notes
Turn   | Place    | Note
--------------------------------------------------------------
     0 | D:1      | Ishikawa the Mummy Wizard began the quest for the Orb.
     0 | D:1      | Reached XP level 1. HP: 13/13 MP: 4/4
   142 | D:1      | Reached skill level 1 in Conjurations
   195 | D:1      | Reached skill level 1 in Fighting
   260 | D:1      | Reached XP level 2. HP: 12/21 MP: 3/6
   269 | D:1      | Learned a level 2 spell: Call Imp
   789 | D:2      | Found an iron altar of Okawaru.
   943 | D:2      | Reached XP level 3. HP: 18/27 MP: 2/7
   948 | D:2      | Learned a level 3 spell: Mephitic Cloud
   966 | D:2      | Slain by an adder

Vault maps used:
D:1:      wheals_arrival_linesprint, st_stairs_10
D:2:      okawaru_trees_2, nicolae_tso_swordbearing_angel, first_bread

Action                   || total
-------------------------++-------
Melee: Club              ||    27
       Mace              ||     6
 Cast: Magic Dart        ||    28
       Call Imp          ||     7
